[ AOE2 MATCH · #507197672 ]
UnrankedPersians vs Lithuanians
Player's team · LOSS
[ REPLAY ANALYSIS · EXTRACTED FROM THE RECORDED GAME ]
Feudal
10:35
Castle
20:53
Imperial
34:33
| APM avg | 90.0 |
| APM peak | 131 |
| eAPM avg | 50.2 |
| Villagers / military | 254 / 357 |
Focus
⚔️ 49.6% · 🌾 50.4%
Skirmisher ×107 · Spearman ×104 · Knight ×37 · Archer ×33 · Scout Cavalry ×31 · Camel Scout ×16
Feudal
10:15
Castle
22:36
Imperial
38:31
| APM avg | 67.0 |
| APM peak | 101 |
| eAPM avg | 38.8 |
| Villagers / military | 142 / 292 |
Focus
⚔️ 44.5% · 🌾 55.5%
Scout Cavalry ×87 · Cavalry Archer ×85 · Knight ×47 · Skirmisher ×36 · Archer ×8 · Mangonel ×8
Match map
Initial resources + every placement click. Lines = walls · curves = elevation contours. ◆ gold · ⬟ stone · ● berries · ✦ relic · ◌ wall gap
Your base· ✓ Closed at 20:53 · 55t walls · no gate
[CL] FelipeBesitosRicos's base· ✓ Closed at 22:36 · 62t walls · no gate
Smoothed initial terrain · ◌ = detected wall gap · hover for details
Inputs per minute
— iamkaito - - [CL] FelipeBesitosRicos
Build order — iamkaito
First 150 of 716 actions detected
| 0:01 | Queue | Villager (Male) |
| 0:01 | Queue | Villager (Male) |
| 0:02 | Queue | Villager (Male) |
| 0:02 | Queue | Villager (Male) |
| 0:03 | Build | House |
| 0:03 | Queue | Villager (Male) |
| 0:05 | Build | House |
| 1:23 | Queue | Villager (Male) |
| 1:49 | Build | Lumber Camp |
| 2:00 | Queue | Villager (Male) |
| 2:14 | Queue | Villager (Male) |
| 2:46 | Queue | Villager (Male) |
| 3:07 | Queue | Villager (Male) |
| 3:36 | Queue | Villager (Male) |
| 3:56 | Queue | Villager (Male) |
| 3:58 | Build | House |
| 3:59 | Build | House |
| 4:26 | Build | Palisade Wall |
| 4:29 | Queue | Villager (Male) |
| 4:31 | Build | Barracks |
| 4:43 | Queue | Villager (Male) |
| 5:30 | Queue | Militia |
| 5:30 | Queue | Militia |
| 5:31 | Queue | Villager (Male) |
| 5:48 | Build | Palisade Wall |
| 5:52 | Queue | Militia |
| 5:58 | Queue | Villager (Male) |
| 5:59 | Queue | Villager (Male) |
| 6:02 | Queue | Villager (Male) |
| 6:31 | Build | Mill |
| 6:33 | Research | Loom |
| 6:48 | Build | House |
| 7:01 | Queue | Villager (Male) |
| 7:06 | Queue | Villager (Male) |
| 8:03 | Queue | Villager (Male) |
| 8:24 | Build | Lumber Camp |
| 8:31 | Research | Feudal Age |
| 8:31 | Research | Feudal Age |
| 8:39 | Build | Palisade Wall |
| 8:40 | Build | House |
| 8:43 | Build | House |
| 8:50 | Build | Palisade Wall |
| 8:51 | Build | Palisade Wall |
| 9:33 | Build | Mining Camp |
| 9:47 | Build | House |
| 9:53 | Queue | Villager (Male) |
| 10:28 | Build | Palisade Wall |
| 10:35 | Age | Feudal Age |
| 10:42 | Queue | Villager (Male) |
| 10:54 | Build | House |
| 11:20 | Queue | Villager (Male) |
| 11:25 | Queue | Villager (Male) |
| 11:33 | Queue | Villager (Male) |
| 11:37 | Build | Palisade Wall |
| 11:43 | Build | Archery Range |
| 11:48 | Queue | Villager (Male) |
| 11:52 | Build | House |
| 11:56 | Queue | Villager (Male) |
| 12:05 | Build | Palisade Wall |
| 12:11 | Queue | Villager (Male) |
| 12:14 | Build | Archery Range |
| 12:21 | Build | Farm |
| 12:24 | Build | Farm |
| 12:24 | Research | Horse Collar |
| 12:27 | Build | Farm |
| 12:32 | Research | Double-Bit Axe |
| 12:32 | Research | Double-Bit Axe |
| 12:35 | Queue | Villager (Male) |
| 12:37 | Build | Farm |
| 12:44 | Build | Palisade Wall |
| 13:02 | Queue | Villager (Male) |
| 13:04 | Build | Farm |
| 13:22 | Queue | Archer |
| 13:22 | Queue | Archer |
| 13:29 | Build | House |
| 13:30 | Build | Farm |
| 13:35 | Queue | Villager (Male) |
| 13:35 | Queue | Villager (Male) |
| 13:49 | Build | Blacksmith |
| 13:53 | Build | Farm |
| 13:54 | Queue | Villager (Male) |
| 13:57 | Build | House |
| 14:09 | Queue | Archer |
| 14:09 | Queue | Archer |
| 14:11 | Queue | Villager (Male) |
| 14:19 | Build | Farm |
| 14:33 | Build | Palisade Wall |
| 14:34 | Queue | Archer |
| 14:40 | Queue | Villager (Male) |
| 14:53 | Build | House |
| 14:54 | Queue | Villager (Male) |
| 14:58 | Build | House |
| 14:58 | Research | Fletching |
| 15:00 | Queue | Archer |
| 15:02 | Queue | Villager (Male) |
| 15:06 | Build | House |
| 15:10 | Build | Farm |
| 15:14 | Queue | Villager (Male) |
| 15:15 | Build | Farm |
| 15:33 | Build | Farm |
| 15:50 | Queue | Archer |
| 15:55 | Build | Farm |
| 16:00 | Build | Farm |
| 16:11 | Queue | Villager (Male) |
| 16:23 | Queue | Villager (Male) |
| 16:29 | Queue | Archer |
| 16:33 | Queue | Villager (Male) |
| 16:36 | Build | Market |
| 16:43 | Build | Farm |
| 17:09 | Queue | Villager (Male) |
| 17:13 | Build | Farm |
| 17:15 | Build | Farm |
| 17:17 | Build | Farm |
| 17:28 | Queue | Archer |
| 17:32 | Build | House |
| 17:48 | Build | Farm |
| 17:53 | Queue | Villager (Male) |
| 17:59 | Queue | Archer |
| 18:19 | Queue | Villager (Male) |
| 18:28 | Research | Castle Age |
| 18:37 | Build | Archery Range |
| 18:56 | Build | House |
| 18:56 | Build | Palisade Wall |
| 19:01 | Queue | Archer |
| 19:03 | Research | Gold Mining |
| 19:10 | Build | House |
| 19:14 | Queue | Archer |
| 19:16 | Research | Padded Archer Armor |
| 19:38 | Queue | Archer |
| 19:38 | Queue | Archer |
| 19:44 | Build | Farm |
| 19:44 | Build | Farm |
| 19:51 | Queue | Archer |
| 19:59 | Build | House |
| 20:07 | Queue | Archer |
| 20:11 | Build | House |
| 20:17 | Build | House |
| 20:19 | Queue | Villager (Male) |
| 20:27 | Queue | Archer |
| 20:28 | Queue | Archer |
| 20:44 | Queue | Villager (Male) |
| 20:53 | Age | Castle Age |
| 20:57 | Research | Crossbowman (upgrade) |
| 21:09 | Research | Bodkin Arrow |
| 21:09 | Research | Bodkin Arrow |
| 21:10 | Research | Bow Saw |
| 21:20 | Build | Town Center |
| 21:21 | Queue | Villager (Male) |
| 21:33 | Queue | Villager (Male) |
| 21:33 | Queue | Villager (Male) |
Build order — [CL] FelipeBesitosRicos
First 150 of 677 actions detected
| 0:00 | Queue | Villager (Male) |
| 0:01 | Build | House |
| 0:02 | Build | House |
| 0:05 | Queue | Villager (Male) |
| 0:05 | Queue | Villager (Male) |
| 0:12 | Queue | Villager (Male) |
| 0:20 | Queue | Villager (Male) |
| 0:55 | Queue | Villager (Male) |
| 1:37 | Queue | Villager (Male) |
| 1:43 | Build | Lumber Camp |
| 2:02 | Queue | Villager (Male) |
| 2:32 | Queue | Villager (Male) |
| 3:06 | Queue | Villager (Male) |
| 3:39 | Queue | Villager (Male) |
| 3:39 | Queue | Villager (Male) |
| 3:54 | Queue | Villager (Male) |
| 4:03 | Build | House |
| 4:09 | Build | Barracks |
| 4:29 | Build | House |
| 4:57 | Build | Palisade Wall |
| 4:58 | Queue | Villager (Male) |
| 5:04 | Queue | Militia |
| 5:04 | Queue | Militia |
| 5:31 | Queue | Villager (Male) |
| 5:59 | Queue | Villager (Male) |
| 6:03 | Build | House |
| 6:28 | Queue | Villager (Male) |
| 6:30 | Build | Palisade Wall |
| 6:57 | Queue | Villager (Male) |
| 7:13 | Build | Palisade Wall |
| 7:21 | Build | Palisade Wall |
| 7:37 | Queue | Villager (Male) |
| 7:40 | Build | Mill |
| 8:05 | Research | Feudal Age |
| 8:05 | Research | Feudal Age |
| 8:20 | Build | Mining Camp |
| 8:29 | Build | House |
| 8:30 | Build | Palisade Wall |
| 8:54 | Build | Palisade Wall |
| 8:57 | Research | Loom |
| 8:59 | Build | Palisade Wall |
| 9:00 | Build | Palisade Wall |
| 9:02 | Build | Palisade Wall |
| 9:05 | Build | Palisade Wall |
| 9:07 | Build | Palisade Wall |
| 9:07 | Build | Palisade Wall |
| 9:09 | Build | Palisade Wall |
| 9:11 | Build | Palisade Wall |
| 9:12 | Build | Palisade Wall |
| 9:32 | Queue | Militia |
| 9:32 | Queue | Militia |
| 10:13 | Queue | Militia |
| 10:15 | Age | Feudal Age |
| 10:28 | Build | Archery Range |
| 10:33 | Build | House |
| 10:42 | Queue | Villager (Male) |
| 10:51 | Build | Palisade Wall |
| 11:13 | Queue | Villager (Male) |
| 11:24 | Queue | Archer |
| 11:35 | Build | House |
| 11:41 | Queue | Villager (Male) |
| 12:00 | Queue | Archer |
| 12:01 | Queue | Villager (Male) |
| 12:13 | Build | Farm |
| 12:15 | Build | Farm |
| 12:17 | Build | Farm |
| 12:19 | Build | Farm |
| 12:21 | Build | Farm |
| 12:26 | Queue | Archer |
| 12:32 | Queue | Villager (Male) |
| 12:54 | Research | Double-Bit Axe |
| 12:54 | Research | Double-Bit Axe |
| 13:03 | Queue | Villager (Male) |
| 13:08 | Queue | Archer |
| 13:10 | Queue | Villager (Male) |
| 13:37 | Queue | Archer |
| 13:39 | Build | Farm |
| 13:40 | Build | Farm |
| 13:47 | Queue | Villager (Male) |
| 13:48 | Queue | Villager (Male) |
| 14:04 | Research | Horse Collar |
| 14:31 | Build | House |
| 14:41 | Queue | Villager (Male) |
| 14:44 | Build | Blacksmith |
| 14:44 | Queue | Villager (Male) |
| 14:58 | Build | House |
| 15:13 | Build | Lumber Camp |
| 15:13 | Queue | Villager (Male) |
| 15:25 | Build | House |
| 15:37 | Build | Farm |
| 15:38 | Queue | Villager (Male) |
| 15:42 | Build | House |
| 15:59 | Build | House |
| 16:00 | Build | House |
| 16:03 | Queue | Villager (Male) |
| 16:10 | Queue | Villager (Male) |
| 16:18 | Build | Farm |
| 16:23 | Build | Farm |
| 16:24 | Queue | Villager (Male) |
| 16:40 | Queue | Archer |
| 16:40 | Queue | Archer |
| 16:42 | Build | House |
| 16:44 | Build | House |
| 16:45 | Research | Fletching |
| 16:49 | Queue | Villager (Male) |
| 16:50 | Queue | Villager (Male) |
| 17:10 | Build | Farm |
| 17:11 | Build | Farm |
| 17:18 | Build | Farm |
| 17:33 | Build | House |
| 17:38 | Build | House |
| 17:41 | Build | House |
| 17:46 | Build | Palisade Wall |
| 17:53 | Queue | Archer |
| 18:22 | Build | Lumber Camp |
| 18:32 | Queue | Villager (Male) |
| 18:37 | Build | Farm |
| 18:37 | Build | Farm |
| 18:55 | Build | Market |
| 18:57 | Build | Palisade Wall |
| 19:00 | Queue | Villager (Male) |
| 19:16 | Queue | Skirmisher |
| 19:16 | Queue | Skirmisher |
| 19:16 | Queue | Skirmisher |
| 19:22 | Queue | Villager (Male) |
| 19:35 | Queue | Villager (Male) |
| 19:36 | Queue | Villager (Male) |
| 19:56 | Research | Castle Age |
| 19:56 | Research | Castle Age |
| 20:14 | Build | Stable |
| 20:30 | Build | Archery Range |
| 20:34 | Research | Padded Archer Armor |
| 20:44 | Research | Gold Mining |
| 20:45 | Research | Gold Mining |
| 20:48 | Build | Farm |
| 21:37 | Build | House |
| 21:39 | Build | House |
| 21:41 | Build | House |
| 21:46 | Build | House |
| 22:13 | Build | House |
| 22:35 | Research | Bloodlines |
| 22:36 | Age | Castle Age |
| 22:38 | Queue | Cavalry Archer |
| 22:39 | Queue | Cavalry Archer |
| 22:45 | Build | Town Center |
| 22:49 | Build | Town Center |
| 22:53 | Build | Town Center |
| 23:00 | Build | Monastery |
| 23:05 | Research | Husbandry |
| 23:16 | Queue | Cavalry Archer |
Match timeline
| 4:09 | [CL] FelipeBesitosRicos · first_building Barracks |
| 4:26 | iamkaito · wall_segment Palisade Wall x1 |
| 4:31 | iamkaito · first_building Barracks |
| 4:57 | [CL] FelipeBesitosRicos · wall_segment Palisade Wall x14 |
| 5:48 | iamkaito · wall_segment Palisade Wall x5 |
| 6:30 | [CL] FelipeBesitosRicos · wall_segment Palisade Wall x2 |
| 7:13 | [CL] FelipeBesitosRicos · wall_segment Palisade Wall x8 |
| 7:21 | [CL] FelipeBesitosRicos · wall_segment Palisade Wall x8 |
| 8:30 | [CL] FelipeBesitosRicos · wall_segment Palisade Wall x10 |
| 8:39 | iamkaito · wall_segment Palisade Wall x1 |
| 8:50 | iamkaito · wall_segment Palisade Wall x1 |
| 8:51 | iamkaito · wall_segment Palisade Wall x1 |
| 8:54 | [CL] FelipeBesitosRicos · wall_segment Palisade Wall x1 |
| 8:59 | [CL] FelipeBesitosRicos · wall_segment Palisade Wall x1 |
| 9:00 | [CL] FelipeBesitosRicos · wall_segment Palisade Wall x2 |
| 9:02 | [CL] FelipeBesitosRicos · wall_segment Palisade Wall x1 |
| 9:05 | [CL] FelipeBesitosRicos · wall_segment Palisade Wall x1 |
| 9:07 | [CL] FelipeBesitosRicos · wall_segment Palisade Wall x1 |
| 9:07 | [CL] FelipeBesitosRicos · wall_segment Palisade Wall x1 |
| 9:09 | [CL] FelipeBesitosRicos · wall_segment Palisade Wall x1 |
| 9:11 | [CL] FelipeBesitosRicos · wall_segment Palisade Wall x1 |
| 9:12 | [CL] FelipeBesitosRicos · wall_segment Palisade Wall x1 |
| 10:15 | [CL] FelipeBesitosRicos · age_up feudal |
| 10:28 | [CL] FelipeBesitosRicos · first_building Archery Range |
| 10:28 | iamkaito · wall_segment Palisade Wall x6 |
| 10:35 | iamkaito · age_up feudal |
| 10:51 | [CL] FelipeBesitosRicos · wall_segment Palisade Wall x7 |
| 11:37 | iamkaito · wall_segment Palisade Wall x15 |
| 11:43 | iamkaito · first_building Archery Range |
| 12:05 | iamkaito · wall_segment Palisade Wall x8 |
| 12:44 | iamkaito · wall_segment Palisade Wall x10 |
| 14:33 | iamkaito · wall_segment Palisade Wall x6 |
| 17:46 | [CL] FelipeBesitosRicos · wall_segment Palisade Wall x2 |
| 18:22 | iamkaito · first_market_buy 100 food |
| 18:56 | iamkaito · wall_segment Palisade Wall x1 |
| 18:57 | [CL] FelipeBesitosRicos · wall_segment Palisade Wall x1 |
| 20:14 | [CL] FelipeBesitosRicos · first_building Stable |
| 20:53 | iamkaito · age_up castle |
| 22:36 | [CL] FelipeBesitosRicos · age_up castle |
| 23:00 | [CL] FelipeBesitosRicos · first_building Monastery |
| 23:35 | [CL] FelipeBesitosRicos · first_market_buy 100 food |
| 24:23 | iamkaito · first_building Siege Workshop |
| 24:35 | iamkaito · first_building Monastery |
| 25:14 | [CL] FelipeBesitosRicos · first_building Siege Workshop |
| 25:45 | [CL] FelipeBesitosRicos · first_market_sell 100 wood |
| 26:51 | iamkaito · first_market_sell 100 wood |
| 28:09 | iamkaito · wall_segment Palisade Wall x1 |
| 32:21 | iamkaito · first_building Stable |
| 34:33 | iamkaito · age_up imperial |
| 36:48 | [CL] FelipeBesitosRicos · first_building Castle |
| 36:55 | iamkaito · first_building Castle |
| 38:16 | [CL] FelipeBesitosRicos · wall_segment Palisade Wall x1 |
| 38:31 | [CL] FelipeBesitosRicos · age_up imperial |
| 39:33 | iamkaito · wall_segment Stone Wall x1 |
| 39:34 | iamkaito · wall_segment Stone Wall x1 |
| 45:22 | iamkaito · wall_segment Palisade Wall x1 |
| 45:23 | iamkaito · wall_segment Palisade Wall x1 |
| 52:12 | iamkaito · resign |
[ AI ANALYSIS · 1 CREDIT ]
What really happened in this match?
Wolo.gg analyzes every decision: build order, eco, micro, common mistakes by bracket. Personalized analysis on WhatsApp or Discord in 30 seconds.
Civ guide
Persians
Perfil
Jugador #3816609